Cogmind - Beta 10.2 @@@ ROGUE MODE // 2022.01.16 @ 18:48:40 Player: Ecllection Result: Destroyed by P-70 Sage via exploding Fusion Modulator Performance ------------- Evolutions (5) 2500 Regions Visited (6) 1200 Robots Destroyed (110) 550 Value Destroyed (3374) 3374 Prototype IDs (1) 20 Alien Tech Used (0) 0 Bonus (485) 485 TOTAL SCORE: 8129 Bonus ------- High Alert Combat Kills 485 Cogmind --------- Core Integrity 0/1000 Matter 283/300 Energy 100/100 System Corruption 8% Temperature Cool (48) Movement Core (50) Location -5/Factory Parts ------- > --- POWER (3) -------- (None) > --- PROPULSION (4) --- (None) > --- UTILITY (6) ------ (None) > --- WEAPON (4) ------- (None) > --- INVENTORY (4) ---- (None) Peak State ------------ > --- POWER ------------ Heavy Ion Engine Light Fission Core Light Antimatter Reactor > --- PROPULSION ------- Flexi-carbon Leg Flexi-carbon Leg Flexi-carbon Leg Flexi-carbon Leg > --- UTILITY ---------- Improved Heat Sink Large Storage Unit High-capacity Matter Pod Phase Shifter Medium Reactive Plating > --- WEAPON ----------- Force Rifle Heavy Ion Cannon Autogun Gauss Rifle > --- INVENTORY -------- Improved Ion Engine Light Deuterium Engine Improved Treads Carbon-fiber Leg Improved Carbon-fiber Leg Light Armor Plating [Rating: 65] Favorites ----------- Power Improved Deuterium Engine Engine Improved Deuterium Engine Power Core Light Fission Core Reactor Light Antimatter Reactor Propulsion Light Treads Treads Light Treads Leg Flexi-carbon Leg Utility Large Storage Unit Device Improved Heat Sink Storage Large Storage Unit Protection Medium Reactive Plating Weapon Heavy Missile Launcher Energy Gun Heavy EM Pulse Gun Energy Cannon EM Pulse Cannon Ballistic Gun Assault Rifle Ballistic Cannon Heavy Gauss Cannon Launcher Heavy Missile Launcher Special Weapon Improved Plasma Cutter Build | -11 -10 -9 -8 -7 -6 -5 ------- Run | Scr Mat Mat Mat Fac Fac Fac Slots Evolved 10 | . . 2 2 2 2 2 Power 2 | . . 1 . 1 . . Propulsion 2 | . . . 1 . . 1 Utility 4 | . . 1 . 1 2 . Weapon 2 | . . . 1 . . 1 Parts Attached 75 | 6 2 13 11 14 5 24 Power 13 | 1 . 3 2 1 1 5 Engine 10 | 1 . 3 2 1 1 2 Core 2 | . . . . . . 2 Reactor 1 | . . . . . . 1 Propulsion 22 | 2 . 4 2 4 1 9 Treads 13 | 2 . 4 2 4 1 . Leg 9 | . . . . . . 9 Wheel . | . . . . . . . Hover . | . . . . . . . Flight . | . . . . . . . Utility 18 | 1 2 2 3 4 3 3 Device 8 | . 1 1 1 1 1 3 Storage 3 | 1 1 . . . 1 . Processor . | . . . . . . . Hackware . | . . . . . . . Protection 7 | . . 1 2 3 1 . Artifact . | . . . . . . . Weapon 22 | 2 . 4 4 5 . 7 Energy Gun 4 | . . 2 . 1 . 1 Energy Cannon 4 | . . . 2 . . 2 Ballistic Gun 6 | 2 . 2 . . . 2 Ballistic Cannon 1 | . . . . . . 1 Launcher 6 | . . . 2 4 . . Special Weapon 1 | . . . . . . 1 Impact Weapon . | . . . . . . . Slashing Weapon . | . . . . . . . Piercing Weapon . | . . . . . . . Special Melee Weapon . | . . . . . . . Unidentified Prototypes 1 | . . 1 . . . . Parts Lost 29 | . . . 1 6 1 21 Power 7 | . . . . 2 . 5 Propulsion 8 | . . . . 1 1 6 Utility 4 | . . . . 1 . 3 Weapon 10 | . . . 1 2 . 7 Highest Loss Streak 14 | . . . 1 6 1 14 Average Slot Usage (%) 89 | . 92 93 99 93 73 74 Engine 14 | . 14 18 18 19 7 6 Treads 18 | . 28 22 27 22 12 4 Leg 3 | . . . . . . 13 Device 9 | . 7 12 9 7 13 8 Storage 9 | . 14 11 9 7 13 9 Protection 9 | . . 7 9 14 13 7 Energy Gun 4 | . . 11 5 1 . 1 Energy Cannon 3 | . . . 7 6 . 2 Ballistic Gun 6 | . 28 10 . . . 5 Launcher 6 | . . . 13 11 13 4 Naked Turns 18 | . . . . . . 18 Heaviest Build 96 | 13 26 39 77 88 80 96 Greatest Support 80 | 40 40 40 60 65 42 80 Greatest Overweight (x) 13 | 1 . . 1 1 1 13 Average Overweight (x) . | . . . . 1 1 1 Largest Inventory Capacity 10 | 6 10 10 10 10 10 10 Average Capacity 9 | 5 9 10 10 10 10 9 Most Carried 10 | 5 7 10 10 10 7 10 Average Carried 6 | 1 5 6 9 9 5 4 Final Capacity 10 | 6 10 10 10 10 10 4 Final Carried 9 | 1 6 9 9 8 4 . Class Distribution -------------------- 54% | Mutant 26% | Scavenger-Mutant 8% | Scavenger-Tank 5% | Bomber 3% | Scavenger-Bomber Dominant Class ---------------- Mutant | -10/Materials Scavenger-Mutant | -9/Materials Mutant | -8/Materials Mutant | -7/Factory Mutant | -6/Factory Scavenger-Tank | -5/Factory Resources | -11 -10 -9 -8 -7 -6 -5 ----------- Run | Scr Mat Mat Mat Fac Fac Fac Matter Collected 2569 | 278 92 310 405 645 37 802 Remotely . | . . . . . . . Salvage Created 3505 | 116 144 864 728 790 112 751 Parts 189 | 4 14 48 38 42 4 39 Haulers Intercepted 3 | . . 1 1 1 . . Recyclers Shooed 5 | . . 3 . 2 . . Parts Field Recycled . | . . . . . . . Retrieved Matter . | . . . . . . . Parts Self-Destructed . | . . . . . . . Prevented . | . . . . . . . Kills | -11 -10 -9 -8 -7 -6 -5 ------- Run | Scr Mat Mat Mat Fac Fac Fac Combat Hostiles Destroyed 63 | . 4 8 19 16 3 13 Guns 20 | . 4 8 . 1 . 7 Cannons 4 | . . . 1 1 . 2 AOE 38 | . . . 17 14 3 4 Classes Destroyed 14 | 2 3 7 1 1 . . Worker 6 | . . 2 2 2 . . Builder 12 | . . 2 4 6 . . Tunneler 3 | 1 . . 1 1 . . Hauler 3 | . . 1 1 1 . . Recycler 11 | 1 . 4 2 4 . . Mechanic 2 | . . 1 . . . 1 Operator 2 | . . 1 . 1 . . Watcher 8 | . 1 1 2 1 . 3 Swarmer 8 | . 1 . 3 . . 4 Grunt 39 | . 3 4 12 13 2 5 Duelist 1 | . . 1 . . . . Sentry 8 | . . 3 2 2 1 . Hunter 6 | . . . 2 . . 4 Programmer 1 | . . . . 1 . . Best Kill Streak 14 | 2 2 5 13 14 2 4 Combat Bots Only 8 | . 2 3 8 6 2 4 Max Kills in Single Turn 6 | 1 1 1 6 2 2 3 Gunslinging . | . . . . . . . Exploded 3 | . . . 3 2 2 3 Melee . | . . . . . . . Uniques/NPCs Destroyed . | . . . . . . . Combat | -11 -10 -9 -8 -7 -6 -5 -------- Run | Scr Mat Mat Mat Fac Fac Fac Damage Taken 5672 | . 126 366 535 1200 100 3345 Core 1316 | . 15 12 38 176 . 1075 Absorbed by Shields . | . . . . . . . Core Remaining (%) 93 | 100 94 97 93 74 100 . Volleys Fired 188 | 3 13 51 28 44 3 46 Largest 4 | 2 2 2 3 3 2 4 Hottest 196 | 40 40 90 152 182 78 196 Shots Fired 429 | 6 26 102 69 97 6 123 Gun 253 | 6 26 102 14 21 . 84 Cannon 96 | . . . 27 38 . 31 Launcher 79 | . . . 28 38 6 7 Special 1 | . . . . . . 1 Kinetic 161 | 6 26 58 . . . 71 Thermal 69 | . . . 3 21 . 45 Explosive 79 | . . . 28 38 6 7 Electromagnetic 120 | . . 44 38 38 . . Robot Hit Streak 37 | 2 5 18 37 9 7 12 Robot Miss Streak 5 | 1 3 4 5 4 . 4 Penetration Max 1 | . . . . . . 1 Secondary Targets 1 | . . 1 . . . . Max Gunslinging Chain 1 | . . 1 . . . . Shots Hit Robots 282 | 3 17 67 45 66 4 80 Core Hits 204 | 2 9 30 52 65 5 41 Critical Hits 4 | . . . 1 . . 3 Critical Kills . | . . . . . . . Critical Parts Destroyed 4 | . . . 1 . . 3 Melee Attacks . | . . . . . . . Impact . | . . . . . . . Slashing . | . . . . . . . Piercing . | . . . . . . . Sneak Attacks . | . . . . . . . Combat Hostiles . | . . . . . . . Follow-up Attacks . | . . . . . . . Damage Inflicted 10394 | 38 199 1051 3009 3406 288 2403 Guns 2800 | 38 199 998 128 215 . 1222 Cannons 1624 | . . . 497 528 . 599 Explosions 5951 | . . 53 2384 2661 288 565 Melee . | . . . . . . . Ramming 4 | . . . . 2 . 2 Kinetic 1745 | 38 199 581 . . . 927 Thermal 1453 | . . 53 164 215 112 909 Explosive 5622 | . . . 2220 2661 176 565 Electromagnetic 1570 | . . 417 625 528 . . Impact . | . . . . . . . Slashing . | . . . . . . . Piercing . | . . . . . . . Highest Corruption 7 | . . . . . . 7 Average Corruption 3 | . . . . . . 3 Corruption Purged . | . . . . . . . Effects 2 | . . . . . . 2 Heat Flow Errors 1 | . . . . . . 1 Energy Discharges 1 | . . . . . . 1 Overload Shots . | . . . . . . . Overflow Damage 185 | . . . 72 95 . 18 Projectiles 41 | . . . . 23 . 18 Explosions 144 | . . . 72 72 . . Melee . | . . . . . . . Knockbacks . | . . . . . . . Impact . | . . . . . . . Kinetic . | . . . . . . . Secondary . | . . . . . . . Self-Inflicted Damage 231 | . . . 87 92 . 52 Shots 9 | . . . 5 2 . 2 Rammed 2 | . . . . 1 . 1 Targets Rammed 3 | . . . . 1 . 2 Kicked 1 | . . . . . . 1 Crushed . | . . . . . . . Highest Temperature 693 | . 2 15 260 625 . 693 Average Temperature 190 | . 2 10 100 257 . 189 Received Heat Transfer 1368 | . 57 99 180 336 21 675 Effects 49 | . . . . 29 . 20 Shutdowns 24 | . . . . 17 . 7 Energy Bleed 1 | . . . . . . 1 Interference 6 | . . . . 1 . 5 Matter Decay 3 | . . . . 3 . . Short Circuit 7 | . . . . 5 . 2 Damage (major) 7 | . . . . 2 . 5 Damage (core) 1 | . . . . 1 . . Siege Activations . | . . . . . . . Robots Corrupted 2 | . . . 2 . . . Combat Hostiles 1 | . . . 1 . . . Parts Fried 2 | . . . 2 . . . Impact Corruptions . | . . . . . . . Robots Melted . | . . . . . . . Combat Hostiles . | . . . . . . . Parts Melted 3 | . . . . . . 3 Heat Transferred 2257 | . . 100 300 475 50 1332 Parts Sabotaged . | . . . . . . . Parts Stolen . | . . . . . . . Parts Stripped . | . . . . . . . Power Chain Reactions 4 | . . 2 2 . . . Missiles Intercepted . | . . . . . . . Alert | -11 -10 -9 -8 -7 -6 -5 ------- Run | Scr Mat Mat Mat Fac Fac Fac Peak Influence 787 | 10 168 276 721 787 561 578 Initial 385 | . 6 70 98 327 385 274 Average 311 | 6 46 175 307 423 485 442 Maximum Alert Level 3 | . . 1 3 3 2 2 Low Security (%) 28 | 100 100 44 41 . . . Level 1 39 | . . 55 31 61 26 29 Level 2 29 | . . . 18 32 73 70 Level 3 2 | . . . 7 6 . . Level 4 . | . . . . . . . Level 5 . | . . . . . . . High Security . | . . . . . . . Max Security . | . . . . . . . Squads Dispatched 15 | . 1 1 4 5 1 3 Investigation 1 | . . . 1 . . . Extermination 2 | . . . . 1 . 1 Reinforcement 10 | . 1 1 2 4 1 1 Assault 1 | . . . . . . 1 Garrison 1 | . . . 1 . . . Intercept . | . . . . . . . Construction Impeded 3 | . . . 2 1 . . Haulers Reinforced 2 | . . . . 1 . 1 Stealth | -11 -10 -9 -8 -7 -6 -5 --------- Run | Scr Mat Mat Mat Fac Fac Fac Distress Signals 4 | . . . 2 . 1 1 Communications Jammed . | . . . . . . . Distress Signals . | . . . . . . . Times Spotted 108 | . 6 11 25 27 5 34 Peak Tracking Total 9 | . 4 3 6 5 4 9 Tactical Retreats 7 | . 1 . . 2 . 4 Traps | -11 -10 -9 -8 -7 -6 -5 ------- Run | Scr Mat Mat Mat Fac Fac Fac Traps Triggered 1 | . . . 1 . . . Indirectly . | . . . . . . . Trap Hack Attempts . | . . . . . . . Triggered . | . . . . . . . Disarmed . | . . . . . . . Reprogrammed . | . . . . . . . Reused . | . . . . . . . Traps Extracted . | . . . . . . . Installed . | . . . . . . . Triggered . | . . . . . . . Machines | -11 -10 -9 -8 -7 -6 -5 ---------- Run | Scr Mat Mat Mat Fac Fac Fac Machines Disabled 14 | . . 2 5 2 3 2 Max in Single Turn 3 | . . 1 2 1 3 1 Machines Sabotaged . | . . . . . . . Garrisons Compromised . | . . . . . . . Overloaded Fab Kills . | . . . . . . . Fab Network Shutdowns . | . . . . . . . Hacking | -11 -10 -9 -8 -7 -6 -5 --------- Run | Scr Mat Mat Mat Fac Fac Fac Machines Accessed 4 | . . 2 . 1 . 1 Terminals 2 | . . 2 . . . . Fabricators . | . . . . . . . Repair Stations . | . . . . . . . Recycling Units 2 | . . . . 1 . 1 Scanalyzers . | . . . . . . . Garrison Access . | . . . . . . . Total Hacks 7 | . . 3 . 3 . 1 Successful 6 | . . 3 . 2 . 1 Failed 1 | . . . . 1 . . Catastrophic . | . . . . . . . Database Lockouts . | . . . . . . . Manual 2 | . . 2 . . . . Terminals 3 | . . 3 . . . . Fabricators . | . . . . . . . Repair Stations . | . . . . . . . Recycling Units 4 | . . . . 3 . 1 Scanalyzers . | . . . . . . . Garrison Access . | . . . . . . . Terminal Hacks 3 | . . 3 . . . . Record 3 | . . 3 . . . . Fabricator Hacks . | . . . . . . . Repair Station Hacks . | . . . . . . . Recycling Unit Hacks 3 | . . . . 2 . 1 Retrieve Matter 1 | . . . . 1 . . Retrieve Components 2 | . . . . 1 . 1 Scanalyzer . | . . . . . . . Garrison Access Hacks . | . . . . . . . Unauthorized Hacks . | . . . . . . . Terminals . | . . . . . . . Fabricators . | . . . . . . . Repair Stations . | . . . . . . . Recycling Units . | . . . . . . . Scanalyzers . | . . . . . . . Garrison Access . | . . . . . . . Data Cores Recovered . | . . . . . . . Used . | . . . . . . . Hacking Detections 1 | . . . . . . 1 Full Trace Events . | . . . . . . . Feedback Events . | . . . . . . . Feedback Blocked . | . . . . . . . Robot Schematics Acquired . | . . . . . . . Robots Built . | . . . . . . . Matter . | . . . . . . . Time . | . . . . . . . Total Robot Build Rating . | . . . . . . . Part Schematics Acquired . | . . . . . . . Parts Built . | . . . . . . . Matter . | . . . . . . . Time . | . . . . . . . Total Part Build Rating . | . . . . . . . Parts Repaired . | . . . . . . . Time . | . . . . . . . Parts Recycled . | . . . . . . . Recycled Matter . | . . . . . . . Retrieved Matter 131 | . . . . 131 . . Retrieved Components 12 | . . . . 10 . 2 Parts Scanalyzed . | . . . . . . . Part Schematics Acquired . | . . . . . . . Parts Damaged . | . . . . . . . Bothacking | -11 -10 -9 -8 -7 -6 -5 ------------ Run | Scr Mat Mat Mat Fac Fac Fac Used RIF Installer . | . . . . . . . Robots Hacked . | . . . . . . . Non-combat . | . . . . . . . Combat . | . . . . . . . Robot Hacks Applied . | . . . . . . . Relay Couplers Released . | . . . . . . . Robots Rewired . | . . . . . . . Allies Hacked . | . . . . . . . Hacks Repelled . | . . . . . . . Allies | -11 -10 -9 -8 -7 -6 -5 -------- Run | Scr Mat Mat Mat Fac Fac Fac Total Allies . | . . . . . . . Largest Group . | . . . . . . . Highest-Rated Group . | . . . . . . . Highest-Rated Ally . | . . . . . . . Total Orders . | . . . . . . . Ally Attacks . | . . . . . . . Total Damage . | . . . . . . . Kills . | . . . . . . . Allies Corrupted . | . . . . . . . Allies Melted . | . . . . . . . Intel | -11 -10 -9 -8 -7 -6 -5 ------- Run | Scr Mat Mat Mat Fac Fac Fac Robot Analysis Total . | . . . . . . . Derelict Logs Recovered . | . . . . . . . Drone Launches . | . . . . . . . Drone Recoveries . | . . . . . . . Exploration | -11 -10 -9 -8 -7 -6 -5 ------------- Run | Scr Mat Mat Mat Fac Fac Fac Turns Passed 3444 | 78 296 749 664 752 79 826 Spaces Moved 1542 | 41 144 293 298 329 37 400 Core 55 | 12 . . . . . 43 Treads 1167 | 29 144 293 298 329 37 37 Legs 320 | . . . . . . 320 Wheels . | . . . . . . . Hover . | . . . . . . . Flight . | . . . . . . . Fastest Speed 50 | 50 160 160 160 172 172 50 Average Speed 163 | 140 160 160 179 176 172 146 Slowest Speed 700 | 160 160 160 180 180 172 700 Overloaded Moves . | . . . . . . . Propulsion Burnouts . | . . . . . . . Robots Hopped . | . . . . . . . Cave-ins Triggered . | . . . . . . . Exploration Rate (%) 16 | 4 24 24 37 11 2 13 Regions Visited 6 Branch Regions . Pre-discovered Areas . | . . . . . . . Known Exits Taken . | . . . . . . . Unknown Exits Taken 6 | 1 1 1 1 1 1 . Scrap Searched . | . . . . . . . Spaces Dug . | . . . . . . . Terrain Destroyed 606 | . . 5 241 242 58 60 Melee . | . . . . . . . Projectile 6 | . . . . . . 6 AOE 600 | . . 5 241 242 58 54 Terrain Rammed . | . . . . . . . Walls Destroyed . | . . . . . . . Machines Disabled . | . . . . . . . Actions | -11 -10 -9 -8 -7 -6 -5 --------- Run | Scr Mat Mat Mat Fac Fac Fac Total 2080 | 56 183 473 367 404 45 552 Wait 171 | . 19 87 13 3 . 49 Move 1536 | 40 143 292 297 328 36 400 Hop . | . . . . . . . Pick Up 68 | 7 6 17 9 8 1 20 Fast Attach 1 | . . . . . . 1 Attach 41 | 6 1 3 3 5 5 18 Detach . | . . . . . . . Swap 33 | . 1 10 8 9 . 5 Drop 39 | . . 13 9 6 . 11 Fire 188 | 3 13 51 28 44 3 46 Melee . | . . . . . . . Ram . | . . . . . . . Kick 2 | . . . . . . 2 Crush 1 | . . . . 1 . . Escape Stasis . | . . . . . . . Rewire . | . . . . . . . Trap . | . . . . . . . Miscellaneous . | . . . . . . . Route ------- -11/Scrapyard -10/Materials -9/Materials -8/Materials -7/Factory -6/Factory -5/Factory History --------- Turn | Location | Event 6 | -11/Scrapyard | Discovered new exit (range 15) 79 | -11/Scrapyard | Entered Materials 283 | -10/Materials | Discovered new exit (range 4) 318 | -10/Materials | Build established: Mutant 375 | -10/Materials | Entered another Materials area 375 | -9/Materials | Evolved 2 slots: Power x1, Utility x1 948 | -9/Materials | Build established: Scavenger-Mutant 1063 | -9/Materials | Discovered new exit (range 13) 1124 | -9/Materials | Entered another Materials area 1124 | -8/Materials | Evolved 2 slots: Propulsion x1, Weapon x1 1458 | -8/Materials | Destroyed 8 combat bots 1708 | -8/Materials | Garrison activated, responded to threat 1712 | -8/Materials | Discovered new exit (range 16) 1757 | -8/Materials | Destroyed 8 combat bots 1788 | -8/Materials | Entered Factory 1788 | -7/Factory | Evolved 2 slots: Power x1, Utility x1 2012 | -7/Factory | Build established: Mutant 2517 | -7/Factory | Discovered new exit (range 14) 2533 | -7/Factory | Lost 6 parts (2p1n1u2w) 2540 | -7/Factory | Entered another Factory area 2540 | -6/Factory | Evolved 2 slots: Utility x2 2598 | -6/Factory | Discovered new exit (range 6) 2619 | -6/Factory | Entered another Factory area 2619 | -5/Factory | Evolved 2 slots: Propulsion x1, Weapon x1 2919 | -5/Factory | First assault squad dispatched 3395 | -5/Factory | Core integrity fell below 50% 3396 | -5/Factory | Lost 14 parts (3p5n1u5w) 3445 | -5/Factory | Core integrity fell below 20% 3445 | -5/Factory | Destroyed by P-70 Sage via exploding Fusion Modulator Last Messages --------------- T-07 Excavator destroyed. Carbon-fiber Leg destroyed. The unstable cave ceiling collapses. Lrn. Proton Cannon destroyed. ALERT: Rogue bot located, Programmers report to Factory Zone 2K. Slammed into K-01 Serf. Destabilizing: Core damaged (-20). System corrupted: Energy discharge (-98). Manufacturing Mainframe disabled. Imp. Ion Engine destroyed. Kicked G-50 Soldier out of the way. System corrupted: Heat flow error (+173). P-70 Sage resets P-70 Sage, system corruption cleaned. K-01 Serf cleans the Fusion Modulator. K-01 Serf suffers critical hit. K-01 Serf destroyed. K-01 Serf collects debris. Fusion Modulator explodes. K-01 Serf destroyed. Arm. Leg destroyed. Map ----- +----------------------------------------------------+ | ?????????????????????????????????????????????????? | | ?????????????????????????????????????????????????? | | ?????????????????????????????????????????????????? | | ?????????????????????????????????????????????????? | | ?????????????????????????????????????????????????? | | ?????????????????????????????????????????????????? | | ?????????????????????????????????????????????????? | | ?????????????????????????????????????????????????? | | ??????????????????????????????????????############ | | ??????????????????????????????????????# """ | | ??????????????????????????????????????# ""F"" | | ??????????????????????????????????????# "" "" | | ??????????????????????????????????????# | | ??????????????????????????????????????# | | ??????????????????????????????????????# | | ??????????????????????????????????????# """" """" | | ??????????????????????????????????????# """" """" | | ??????????????????????????????????????# """" """ | | ?????????????????????##############+#?# """" """" | | ?????????????????????# # #?# | | ?????????????????????# # #?# | | ?????????????????????# # #########+#### | | ?????????????????????# p # ^ | | ?????????????????????# % # | | ?????????????????????+ p! pg | | ?????????????????????# @ p = # | | ?????????????????????# # | | ?????????????????????# ####+########## | | ?????????????????????# # ! #??# | | ?????????????????????# # #??# | | ?????????????????????# # #### | | ?????????????????????#####;;;;;#### = / | | ??????????????????????????######??# #### | | ??????????????????????????????????# #??# | | ??????????????????????????????????# #??## | | ??????????????????????????????????# #???# | | ??????????????????????????????????# [ ##### | | ??????????????????????????????????# + | | ??????????????????????????????????# ##### | | ??????????????????????????????????# #???# | | ??????????????????????????????????# ##### | | ??????????????????????????????????# + | | ??????????????????????????????????# ##### | | ??????????????????????????????????#/##########???? | | ??????????????????????????????????#???????????#### | | ??????????????????????????????????????????????# | | ??????????????????????????????????????????????# | | ??????????????????????????????????????????? | | ??????????????????????????????????????????##+# | | ???????????????????????????????????????????? | +----------------------------------------------------+ Best States ------------- Heat Dissipation 78 Energy Generation 43 Energy Capacity 660 Matter Stores 500 Matter Capacity 500 Sight Range 16 Terrain Scan Density 10 Armor Coverage 450 Resistance: KI 30 Core Shielding 20 Phase Shifting 5 Evasion (%) 50 Recoil Reduction 3 Matter Filtering 30 Item Schematics ----------------- None Robot Schematics ------------------ None Fabricated ------------ Nothing Alien Tech Used ----------------- None Achievements -------------- Power Corrupts Significant Disruption Challenges ------------ None Game ------ Seed MissileDeliverySabre Manual? 0 Play Time 00:51:19 Cumulative 12.4 hours Start 2022.01.16 @ 17:58:01 End 2022.01.16 @ 18:48:40 Sessions 1 Manual Loads 0 Difficulty Rogue Special Mode None Game No. 25 Rogue 25 Adventurer 0 Explorer 0 Win Type - Total 0 Types 0/0/0/0/0/0/0/0/0 Lore% 15 Gallery% 17 Achievement% 14 Wizard Run 0 Options --------- ASCII 0 Keyboard 0 Movement Mouse Keybinds 0 Fullscreen 1 Font 18/SmallcapsGlow Map View 76x50 Tactical HUD 0 Map Filters NONE Filters NONE Steam 1 RUN: 51385375-e4d3-4bfb-a976-d8d9ef55d3f4